 Dungeon Crawl Stone Soup version 0.32-a0-738-g1a05c61809 (webtiles) character file.

Game seed: 6365183404905474712

65 Descartes the Shooter (level 4, 0/33 HPs)
             Began as a Coglin Hunter on Mar 17, 2024.
             Succumbed to an adder's poison
             ... on level 2 of the Dungeon.
             The game lasted 00:02:21 (991 turns).

Descartes the Shooter (Coglin Hunter)                Turns: 991, Time: 00:02:21

Health: 0/33       AC: 12    Str: 14    XL:     4   Next: 14%
Magic:  4/4        EV:  3    Int:  8    God:
Gold:   49         SH:  0    Dex: 17    Spells: 3/3 levels left

rFire   . . .        a - +2 sling {Wei}
rCold   . . .        d - +0 sling {Latda}
rNeg    . . .        h - +0 plate armour
rPois   .            (no helmet)
rElec   .            (no cloak)
rCorr   .            f - +0 pair of gloves
SInv    .            k - +0 pair of boots
Will    .....        (amulet unavailable) Stlth
                     (ring unavailable)
HPRegen 0.25/turn    (ring unavailable)
MPRegen 0.09/turn    (no gizmo)

%: no passive effects
@: mighty, lethally poisoned (0 -> -3), attractive, revved
A: off-hand wielding, slow wielding, warmup strikes, no jewellery
a: Invent Gizmo


You were on level 2 of the Dungeon.
You visited 1 branch of the dungeon, and saw 2 of its levels.

You collected 49 gold pieces.

Inventory:

Hand Weapons
 a - a +2 sling (weapon) {Wei}
 d - a +0 sling (offhand) {Latda}
Missiles
 l - 8 poisoned darts
Armour
 f - a +0 pair of gloves (worn)
 h - a +0 plate armour (worn)
 k - a +0 pair of boots (worn)
Scrolls
 b - a scroll of butterflies
 g - 2 scrolls of amnesia {unknown}
Potions
 e - 3 potions of curing {unknown}
 i - a potion of ambrosia {unknown}


   Skills:
 - Level 2.0 Fighting
 + Level 5.1 Ranged Weapons
 - Level 1.7 Dodging
 - Level 0.7 Stealth


You had 3 spell levels left.
You didn't know any spells.
Your spell library contained the following spells:

 Spells                   Type           Power      Damage    Failure   Level
 Frozen Ramparts          Ice            0%         1d1       100%        3
 Ozocubu's Armour         Ice            0%         N/A       100%        3
 Metabolic Englaciation   Hex/Ice        0%         N/A       100%        5


Dungeon Overview and Level Annotations

Branches:
Dungeon (2/15)

Altars:


Innate Abilities, Weirdness & Mutations

You can wield a second weapon in your off-hand.
It takes a long time for you to wield or remove held weapons.
Your first few attacks do less damage.
You cannot equip rings or amulets.


Message History

The sling bullet closely misses the adder.
The adder completely misses you.
The adder bites you but does no damage. x2
You are too injured to fight recklessly!
You shoot a sling bullet.
The sling bullet closely misses the adder.
You shoot a sling bullet.
The sling bullet hits the adder but does no damage.
The adder is severely wounded.
The adder bites you.
You are poisoned.
The adder poisons you! The adder barely misses you.
You are too injured to fight recklessly!
You shoot a sling bullet.
The sling bullet hits the adder but does no damage.
The adder is severely wounded.
You shoot a sling bullet. The sling bullet hits the adder.
The adder is almost dead.
You feel very sick. The adder bites you but does no damage.
The adder bites you.
* * * LOW HITPOINT WARNING * * *
You are lethally poisoned!
The adder poisons you! The adder bites you but does no damage.
You shoot a sling bullet. The sling bullet hits the adder.
You kill the adder!
You shoot a sling bullet.
* * * LOW HITPOINT WARNING * * *
You feel very sick.
Your Ranged Weapons skill increases to level 5!
You have reached level 4!
You feel stronger.
You are too injured to fight recklessly!
There is a lethal amount of poison in your body!
Unknown command.
It was a potion of might.
You feel very mighty all of a sudden.
* * * LOW HITPOINT WARNING * * *
You feel sick.
It was a potion of attraction.
You feel attractive to monsters.
You die...

######....##....##....##..
#.#.#..##.#..##.#..#
.....#..#.##.)#.##..#
......###....##†...##
..^...#.#.##..#.##..#
#####..#..##.#..##.#..#
##....##....# .
..##.#..##.#..# .. .##@.#
##..# #....##....##..
#.##. (##..#.# #..##.
.##.#. ##?... ....# ..##.#
##.#.. ... .# ##.. .. #


There were no monsters in sight!

Vanquished Creatures
  2 adders (D:2)
  4 dart slugs (D:1)
  5 endoplasms
  A giant cockroach (D:2)
  A goblin (D:1)
  3 hobgoblins (D:1)
  4 kobolds
  2 quokkas (D:1)
  4 ball pythons
  3 bats (D:1)
  4 frilled lizards
  4 rats (D:1)
37 creatures vanquished.

Notes
Turn   | Place    | Note
-------+----------+-------------------------------------------
     0 | D:1      | Descartes the Coglin Hunter began the quest for the Orb.
     0 | D:1      | Reached XP level 1. HP: 16/16 MP: 1/1
    55 | D:1      | Reached skill level 4 in Ranged Weapons
    55 | D:1      | Reached XP level 2. HP: 22/22 MP: 2/2
   443 | D:1      | Reached XP level 3. HP: 27/27 MP: 3/3
   990 | D:2      | Reached skill level 5 in Ranged Weapons
   990 | D:2      | Reached XP level 4. HP: 2/33 MP: 4/4
   990 | D:2      | HP: 1/33 [poisoned by an adder]
   991 | D:2      | Succumbed to an adder's poison

Illustrated notes

Levels and vault maps discovered:
D:1:      minmay_arrival_four_loops, layout_loops_corners, minmay_pentomino_z4
D:2:      layout_rooms, nicolae_eternal_life

Skill      XL: |  1  2  3 |
---------------+----------+-----
Ranged Weapons | 4 5 |  5.1
Fighting       | |  2.0
Dodging        | |  1.7
Stealth        | |  0.7

Action                     |  1- 3 |  4- 6 || total
---------------------------+-------+-------++-------
   Fire: Sling             |   164 |       ||   164
    Use: Potion            |       |     2 ||     2
 Armour: Leather armour    |     6 |       ||     6
         Plate armour      |    35 |       ||    35
  Dodge: Dodged            |     9 |       ||     9

Table legend: (Time is in decaauts)
 A = Elapsed time spent in this place.
 B = Non-inter-level travel time spent in this place.
 C = Inter-level travel time spent in this place.
 D = Time resting spent in this place.
 E = Time spent auto-exploring this place.
 F = Levels seen in this place.
 G = Mean time per level.
                   A        B        C        D        E       F      G
               +--------+--------+--------+--------+--------+-----+--------+
         Total |   1037 |   1013 |     24 |      0 |    784 |   2 |  518.5 |
       Dungeon |   1037 |   1013 |     24 |      0 |    784 |   2 |  518.5 |
               +--------+--------+--------+--------+--------+-----+--------+

Top non-repeatable levels by time:
     D:1: 929 daAuts
     D:2: 108 daAuts
